 Dungeon Crawl Stone Soup version 0.20.1-1-g8b1a95d (webtiles) character file.

8042 witty the Cleaver (level 11, -1/94 HPs)
             Began as a Hill Orc Fighter on Sept 14, 2017.
             Was a High Priest of Okawaru.
             Succumbed to a black mamba's poison
             ... on level 9 of the Dungeon.
             The game lasted 00:13:51 (8560 turns).

witty the Cleaver (Hill Orc Fighter)                Turns: 8560, Time: 00:13:51

Health: -1/94      AC: 18    Str: 20    XL:     11   Next: 24%
Magic:  17/17      EV: 11    Int:  8    God:    Okawaru [*****.]
Gold:   553        SH: 12    Dex: 13    Spells: 10/10 levels left

rFire    + . .     SeeInvis .   a - +0 war axe
rCold    . . .     Gourm    .   c - +1 shield
rNeg     . . .     Faith    .   s - +4 scale mail {rF+}
rPois    .         Spirit   .   (no helmet)
rElec    .         Reflect  .   (no cloak)
rCorr    .         Harm     .   (no gloves)
MR       .....                  (no boots)
Stlth    ++........             (no amulet)
Regen    0.3/turn               x - ring of flight
MPRegen  0.2/turn               l - +3 ring of protection

@: lethally poisoned (-1 -> -10), heroism, berserk cooldown, flying, slowed,
very slow
A: talons 1, molten scales 1, frail 1, wild magic 1
a: Heroism, Finesse, Renounce Religion


You were on level 9 of the Dungeon.
You worshipped Okawaru.
Okawaru was extremely pleased with you.
You were completely stuffed.

You visited 2 branches of the dungeon, and saw 10 of its levels.

You collected 553 gold pieces.

Inventory:

Hand Weapons
 a - a +0 war axe (weapon)
Missiles
 z - 3 steel javelins (quivered)
Armour
 b - a +0 scale mail
 c - a +1 shield (worn)
 h - +0 ice dragon scales
 q - a +0 large shield
 s - a +4 scale mail of fire resistance (worn)
Jewellery
 d - an uncursed ring of protection from magic
 e - an uncursed amulet of magic regeneration
 l - a +3 ring of protection (right hand)
 x - a ring of flight (left hand)
Wands
 v - a wand of polymorph (10/24)
 w - a wand of digging (11/24)
 B - a wand of confusion (25/48)
 D - a wand of lightning (8/15)
 F - a wand of polymorph (14/24)
Scrolls
 i - 2 scrolls of fog {unknown}
 j - 4 scrolls of magic mapping {unknown}
 k - 7 scrolls of remove curse
 m - a scroll of enchant armour
 n - a scroll of amnesia {unknown}
 o - 4 scrolls of teleportation
 u - 3 scrolls of identify
 y - a scroll of enchant weapon {unknown}
Books
 A - a book of Dreams

   Spells                             Type                      Level
   a - Ensorcelled Hibernation        Hexes/Ice                    2
   b - Silence                        Hexes/Air                    5
   c - Darkness                       Hexes                        6
   d - Shadow Creatures               Summoning                    6
 C - a book of Debilitation

   Spells                             Type                      Level
   a - Corona                         Hexes                        1
   b - Slow                           Hexes                        2
   c - Inner Flame                    Hexes/Fire                   3
   d - Portal Projectile              Hexes/Translocation          3
   e - Cause Fear                     Hexes                        4
   f - Leda's Liquefaction            Hexes/Earth                  4
Comestibles
 f - 7 bread rations
 g - 3 meat rations
 t - 6 royal jellies


   Skills:
 + Level 12.5(17.5) Fighting
 + Level 13.3(18.3) Axes
 + Level 6.6(11.6) Armour
 - Level 0.1(5.1) Stealth
 - Level 3.8(8.8) Shields
 - Level 9.0 Invocations


You had 10 spell levels left.
You didn't know any spells.

Dungeon Overview and Level Annotations

Branches:
Dungeon (9/15)             Temple (0/1) D:5            Lair (1/6) D:9
    Orc: D:9-12

Altars:
Fedhas
Okawaru
Qazlal
Ru
Sif Muna
Vehumet
Zin
The Shining One

Shops:
D:5 :   D:6 (

Annotations:
D:3 HeyBub's ghost, amateur SpAK
D:4 faustus's ghost, amateur DsFi
D:7 2 runed doors


Innate Abilities, Weirdness & Mutations

You have sharp toenails.
You are partially covered in molten scales. (AC +2)
You are frail. (-10% HP)
Your spells are a little harder to cast, but a little more powerful.


Message History

Okay, then.
Unknown command.
Unknown command.
Unknown command.
You're too full to eat anything.
Throwing (i - inventory):
z - 3 steel javelins (quivered)
Press: ? - help, Shift-Dir - straight line, f - you Really target yourself?
Okay, then.
Unknown command.
You're too full to eat anything.
You aren't carrying any potions.
Okay, then.
* * * LOW HITPOINT WARNING * * *
You feel very sick.
* * * LOW HITPOINT WARNING * * *
You feel sick.
* * * LOW HITPOINT WARNING * * *
You feel sick.
You die...

### ####.###########
#.##...#..#...(####
###..).........#.##.#
.#......[.....####.##
..)..........#.###.#
.....#...###..#.#'.#
.####)#...##.#..@###
#..####.########..#
##.# #.#..# #...##
#####################
....................#
.............)......#
..>.................#
....................#
....................#


There were no monsters in sight!

Vanquished Creatures
  A two-headed ogre (D:7)
  Pikel (D:7)
  4 centaur zombies
  2 black mambas (Lair:1)
  2 komodo dragons (D:9)
  A hippogriff (D:8)
  A shadow (D:7)
  7 yaks
  A human (D:7)
  3 hogs (D:7)
  3 sky beasts
  A swamp drake (D:9)
  An orc warrior (D:7)
  3 ice beasts
  2 black bears (D:9)
  2 ogres
  2 necrophages
  3 centaurs
  A crocodile (D:9)
  A big kobold (D:8)
  6 bullfrogs
  A scorpion (D:6)
  12 killer bees (D:9)
  A howler monkey (D:8)
  A crimson imp (D:6)
  A quasit (D:6)
  2 bullfrog zombies
  A hound (D:6)
  2 jellies
  2 orc priests
  A centaur skeleton (D:8)
  6 orc wizards
  3 iguanas
  3 worker ants
  3 hound skeletons
  2 worker ant zombies
  4 gnolls
  A howler monkey skeleton (D:8)
  4 adders
  A river rat (D:4)
  A shadow imp (D:5)
  A worm (D:4)
  2 adder skeletons
  A dart slug (D:1)
  4 leopard geckos
  26 orcs
  7 bats
  2 giant cockroaches
  7 hobgoblins
  3 jackals (D:5)
  7 kobolds
  7 quokkas
  A ball python (D:2)
  4 frilled lizards
  3 goblins
  A leopard gecko skeleton (D:6)
  10 rats
186 creatures vanquished.

Vanquished Creatures (others)
  An ogre (D:7)
  A scorpion (D:7)
  An adder (D:7)
  2 orcs (D:9)
5 creatures vanquished.

Grand Total: 191 creatures vanquished

Notes
Turn   | Place    | Note
-------+----------+-------------------------------------------
     0 | D:1      | witty the Hill Orc Fighter began the quest for the Orb.
     0 | D:1      | Reached XP level 1. HP: 19/19 MP: 1/1
   230 | D:1      | Reached XP level 2. HP: 27/27 MP: 2/2
   367 | D:1      | Reached skill level 3 in Axes
   685 | D:2      | Found an iron altar of Okawaru.
   696 | D:2      | Reached XP level 3. HP: 12/33 MP: 3/3
   981 | D:2      | Became a worshipper of Warmaster Okawaru
  1355 | D:3      | Reached skill level 4 in Axes
  1355 | D:3      | Reached XP level 4. HP: 32/40 MP: 4/4
  1566 | D:3      | Noticed HeyBub's ghost (amateur SpAK)
  1865 | D:3      | Found a faded altar of an unknown god.
  1913 | D:3      | Found a stormy altar of Qazlal.
  2069 | D:4      | Reached XP level 5. HP: 47/47 MP: 5/5
  2106 | D:4      | Reached skill level 5 in Axes
  2218 | D:4      | Found a deep blue altar of Sif Muna.
  2302 | D:4      | Noticed faustus's ghost (amateur DsFi)
  2350 | D:5      | Entered Level 5 of the Dungeon
  2379 | D:5      | Found a sacrificial altar of Ru.
  2416 | D:5      | Found a staircase to the Ecumenical Temple.
  2503 | D:5      | Reached skill level 5 in Fighting
  2882 | D:5      | Found Gerr's Book Shop.
  2900 | D:5      | Found a glowing silver altar of Zin.
  2912 | D:5      | Reached XP level 6. HP: 19/56 MP: 6/6
  3436 | D:4      | Reached skill level 6 in Axes
  3648 | D:6      | Found Jucsu's Antique Weapon Emporium.
  3775 | D:6      | Found a radiant altar of Vehumet.
  3823 | D:6      | Noticed an ice beast
  3829 | D:6      | Killed an ice beast
  3829 | D:6      | Reached * piety under Okawaru
  3829 | D:6      | Reached skill level 7 in Axes
  3829 | D:6      | Reached XP level 7. HP: 42/64 MP: 7/7
  4101 | D:6      | Reached skill level 8 in Axes
  4106 | D:6      | Reached ** piety under Okawaru
  4106 | D:6      | Reached XP level 8. HP: 53/73 MP: 6/8
  4525 | D:7      | Reached skill level 1 in Invocations
  4580 | D:7      | Noticed Pikel
  4598 | D:7      | Killed Pikel
  4598 | D:7      | Reached skill level 9 in Axes
  4680 | D:7      | Noticed a yak
  4687 | D:7      | Reached *** piety under Okawaru
  4693 | D:7      | Reached skill level 5 in Invocations
  4693 | D:7      | Reached XP level 9. HP: 57/82 MP: 10/12
  4695 | D:7      | Reached skill level 10 in Axes
  4896 | D:7      | Noticed a two-headed ogre
  4906 | D:7      | HP: 4/84 [two-headed ogre/giant spiked club (9)]
  4910 | D:7      | Killed a two-headed ogre
  4910 | D:7      | Reached **** piety under Okawaru
  4910 | D:7      | Reached skill level 10 in Fighting
  4910 | D:7      | Reached skill level 11 in Axes
  4940 | D:7      | Reached XP level 10. HP: 24/94 MP: 14/16
  5368 | D:7      | Found a runed door.
  5368 | D:7      | Found a runed door.
  6453 | D:8      | Reached skill level 12 in Axes
  6530 | D:8      | Found a glowing golden altar of the Shining One.
  6749 | D:9      | Found a blossoming altar of Fedhas.
  6991 | D:9      | Reached ***** piety under Okawaru
  6998 | D:9      | Reached skill level 5 in Armour
  7524 | D:9      | Reached XP level 11. HP: 71/104 MP: 11/17
  7591 | D:9      | Reached skill level 13 in Axes
  7612 | D:9      | Gained mutation: Your muscles are strong. (Str +2) [potion of mutation]
  7612 | D:9      | Gained mutation: Your muscles are very strong. (Str +4) [potion of mutation]
  7619 | D:9      | Received a gift from Okawaru
  8000 | D:9      | Found a staircase to the Lair.
  8401 | Lair:1   | Entered Level 1 of the Lair of Beasts
  8550 | Lair:1   | Lost mutation: Your muscles are very strong. (Str +4) [potion of mutation]
  8550 | Lair:1   | Lost mutation: Your muscles are strong. (Str +2) [potion of mutation]
  8550 | Lair:1   | Gained mutation: You have sharp toenails. [potion of mutation]
  8550 | Lair:1   | Gained mutation: Your spells are a little harder to cast, but a little more powerful. [potion of mutation]
  8550 | Lair:1   | Gained mutation: You are frail. (-10% HP) [potion of mutation]
  8550 | Lair:1   | Gained mutation: You are partially covered in molten scales. (AC +2) [potion of mutation]
  8557 | D:9      | HP: 4/94 [poisoned by a black mamba]
  8559 | D:9      | HP: 1/94 [poisoned by a black mamba]
  8560 | D:9      | Succumbed to a black mamba's poison

Skill      XL: |  1  2  3  4  5  6  7  8  9 10 11 |
---------------+----------------------------------+-----
Axes           | 3 4 5 7 8 9 11 12 13 | 13.3
Fighting       | 4 5 6 7 9 10 12 | 12.5
Invocations    | 5 8 9 |  9.0
Armour         | 5 6 |  6.6
Stealth        | |  0.1
Shields        | |  3.8

Action                   |  1- 3 |  4- 6 |  7- 9 | 10-12 || total
-------------------------+-------+-------+-------+-------++-------
Melee: War axe           |    83 |   260 |   154 |   323 ||   820
Invok: Heroism           |       |       |     5 |     8 ||    13
       Finesse           |       |       |       |     2 ||     2
  Use: Scroll            |     6 |     1 |       |       ||     7
       Potion            |       |     5 |     6 |     7 ||    18
  Eat: Chunk             |     1 |     8 |     4 |    10 ||    23
       Bread ration      |       |       |       |     2 ||     2
       Meat ration       |       |       |       |     1 ||     1
Armor: Scale mail        |    34 |   112 |    38 |   125 ||   309
       Skin              |       |    16 |       |       ||    16
       Ice dragon scales |       |       |       |     6 ||     6
Dodge: Dodged            |    19 |    63 |    35 |    86 ||   203
Block: Shield            |    45 |   153 |    65 |   155 ||   418
